 Dungeon Crawl Stone Soup version 0.17-a0-1979-g1c74939 (webtiles) character file.

147546 shakdrar the Peltast (level 18, -4/142 HPs)
             Began as a Formicid Fighter on Oct 2, 2015.
             Was the Champion of Okawaru.
             Slain by a harpy (6 damage)
             ... on level 2 of the Shoals on Oct 5, 2015.
             The game lasted 02:57:25 (32969 turns).

shakdrar the Peltast (Formicid Fighter)            Turns: 32969, Time: 02:57:26

Health: -4/142     AC: 33    Str: 38    XL:     18   Next: 9%
Magic:  26/26      EV: 14    Int: 12    God:    Okawaru [******]
Gold:   1818       SH: 36    Dex: 10    Spells: 0 memorised, 17 levels left

rFire  + . .     SeeInvis +     X - +5 mace of Suicidal Tendencies {freeze, +Inv rF+ rC- Int+3}
rCold  + . .     Clarity  +     h - +1 crystal plate armour
rNeg   . . .     SustAt   .     j - +8 large shield of the Duke {rC++ rCorr Str+6}
rPois  +         Gourm    .     (helmet unavailable)
rElec  .         Spirit   .     B - -4 cloak of Voufad {-Cast rCorr Str+4 Slay+5}
rCorr  +         Warding  .     c - +1 pair of gloves {archery}
rMut   .         Stasis   +     a - +1 pair of boots {run}
MR     +....     NoCast   +     z - amulet of clarity
Stlth  ..........               y - +4 ring of evasion
                                b - ring of poison resistance

@: heroism, flying, quick, somewhat resistant to hostile enchantments, extremely
unstealthy
A: permanent stasis, dig shafts and tunnels, four strong arms, antennae 3,
blurry vision 1
a: Dig, Shaft Self, Heroism, Renounce Religion, Evoke Invisibility


You were on level 2 of the Shoals.
You worshipped Okawaru.
Okawaru was exalted by your worship.
You were hungry.

You visited 6 branches of the dungeon, and saw 31 of its levels.

You collected 3185 gold pieces.
You spent 1367 gold pieces at shops.

Inventory:

Hand Weapons
 f - a +1 whip of flaming
 O - the +2 morningstar of Midwinter {antimagic, Dex+3}
   (You found it on level 10 of the Dungeon)

   It disrupts the flow of magical energy around spellcasters and certain
   magical creatures (including the wielder).
   It affects your dexterity (+3).
 P - the +4 great mace "Hatt" {venom, -Tele Str+2 Dex+7}
   (You bought it in a shop on level 4 of the Dungeon)

   It poisons the flesh of those it strikes.
   It affects your strength (+2).
   It affects your dexterity (+7).
   It prevents most forms of teleportation.
 X - the +5 mace of Suicidal Tendencies (weapon) {freeze, +Inv rF+ rC- Int+3}
   (You bought it in a shop on level 2 of the Elven Halls)

   It has been specially enchanted to freeze those struck by it, causing extra
   injury to most foes and up to half again as much damage against particularly
   susceptible opponents.
   It can also slow down cold-blooded creatures.
   It affects your intelligence (+3).
   It protects you from fire.
   It makes you vulnerable to cold.
   It lets you turn invisible.
 Z - a +3 morningstar of holy wrath
Armour
 a - a +1 pair of boots of running (worn)
 c - a +1 pair of gloves of archery (worn)
 h - a +1 crystal plate armour (worn)
 j - the +8 large shield of the Duke (worn) {rC++ rCorr Str+6}
   (Okawaru gifted it to you on level 8 of the Lair of Beasts)

   It affects your strength (+6).
   It greatly protects you from cold.
   It protects you from acid and corrosion.
 m - a +0 chain mail of fire resistance
 p - a +1 chain mail of poison resistance
 B - the -4 cloak of Voufad (worn) {-Cast rCorr Str+4 Slay+5}
   (You acquired it on level 6 of the Dungeon)

   It affects your strength (+4).
   It affects your accuracy and damage with ranged weapons and melee attacks
   (+5).
   It prevents spellcasting.
   It protects you from acid and corrosion.
 D - a +2 ring mail of cold resistance
 Q - the +3 pair of boots "Fetios" {Str-4 Dex+5}
   (You found it on level 2 of the Elven Halls)

   It affects your strength (-4).
   It affects your dexterity (+5).
 Y - a +1 cloak of invisibility
Jewellery
 b - a ring of poison resistance (left hand)
 k - an uncursed amulet of regeneration
 r - an uncursed ring of protection from fire
 x - an uncursed ring of sustain attributes
 y - a +4 ring of evasion (right hand)
 z - an amulet of clarity (around neck)
 C - an uncursed ring of fire
 N - an uncursed amulet of the gourmand
 U - an uncursed ring of ice
Wands
 i - a wand of flame (33)
 V - a wand of cold (0)
Scrolls
 g - 3 scrolls of magic mapping
 l - 2 scrolls of recharging
 o - a scroll of amnesia
 t - 6 scrolls of remove curse
 A - 4 scrolls of identify
 R - a scroll of enchant armour
 S - a scroll of enchant weapon
 W - a scroll of silence
Potions
 n - 3 potions of cancellation
 q - a potion of curing
 w - a potion of invisibility
 E - a potion of beneficial mutation {unknown}
 F - a potion of cure mutation
 I - 2 potions of magic {unknown}
 J - 2 potions of might
 K - 3 potions of flight
Books
 v - the Guide on Attacks and Ignition
   (You found it on level 1 of the Elven Halls)

   Spells                             Type                      Level
   a - Sting                          Conjuration/Poison           1
   b - Throw Flame                    Conjuration/Fire             2
   c - Ignite Poison                  Fire/Transmutation/Poison    3
   d - Bolt of Magma                  Conjuration/Fire/Earth       5
Miscellaneous
 u - a crystal ball of energy
Comestibles
 d - 3 meat rations
 e - 11 bread rations
 s - 3 chunks of flesh
 G - a beef jerky
 H - 4 fruits


   Skills:
 + Level 12.8(17.8) Fighting
 + Level 12.0(17.0) Maces & Flails
 * Level 18.2(23.2) Armour
 * Level 19.7(24.7) Shields
 - Level 10.7 Evocations


You had 17 spell levels left.
You didn't know any spells.

Dungeon Overview and Level Annotations

Branches:
Dungeon (14/15)            Temple (1/1) D:4            Lair (8/8) D:11
 Shoals (2/4) Lair:4        Snake (0/4) Lair:4        Slime (0/6) Lair:7
    Orc (4/4) D:11            Elf (2/3) Orc:3
 Vaults: D:13-14

Altars:
Ashenzari
Cheibriados
Dithmenos
Elyvilon
Fedhas
Gozag
Kikubaaqudgha
Makhleb
Nemelex Xobeh
Okawaru
Qazlal
Ru
Sif Muna
Trog
Vehumet
Xom
Yredelemnul
Zin
The Shining One
Beogh

Shops:
D:4 :(:?   Orc:4 (*}:   Elf:2 !*?(

Annotations:
D:3 Grinder


Innate Abilities, Weirdness & Mutations

You are under a permanent stasis effect.
You can dig through walls and to a lower floor.
Your four strong arms can wield two-handed weapons with a shield.
You have a pair of large antennae on your head (SInv).
Scrolls take you a little longer to read.


Message History

You sock the harpy! You freeze the harpy.
The harpy is almost dead.
You block the harpy's attack. x4
The harpy claws you but does no damage. x2
You block the merfolk impaler's attack.
You hit the harpy. You freeze the harpy.
The harpy is almost dead.
You block the harpy's attack. x4
You block the merfolk's attack. The harpy claws you.
* * * LOW HITPOINT WARNING * * *
The harpy claws you but does no damage.
The merfolk impaler hits you but does no damage.
You pound the harpy like an anvil!!! You freeze the harpy.
You kill the harpy!
Okawaru accepts your kill. You block the harpy's attack. x2
The harpy claws you!
* * * LOW HITPOINT WARNING * * *
The harpy claws you.
You die...

#≈≈≈.#.......##########.#######.
#.≈≈≈##..........##.....# #.
##.≈≈.....≈............## ##.
#.).....≈≈≈...≈≈......)## #..
###..≈≈...≈≈≈≈≈..≈≈.......## ##..
.....≈≈≈≈≈≈≈≈≈≈......≈≈≈.#.###...
.(.....≈≈≈≈≈≈≈mm...≈≈≈≈≈##.##....
≈≈≈≈≈.≈≈≈≈.≈≈≈≈(†H.≈≈≈≈.##.#.....
≈≈≈..≈≈≈≈≈≈≈≈.≈H@...≈≈...........
≈≈≈..≈≈≈≈≈≈≈........≈≈..........≈
≈≈≈≈≈≈≈≈≈≈..≈..##...≈...≈.....≈≈≈
≈≈≈≈≈..÷≈...≈......≈.≈..≈....≈≈≈P
≈≈≈≈≈≈).......≈.≈≈.≈≈≈≈.≈...≈≈≈≈≈
≈≈≈≈≈≈≈........≈≈≈≈≈≈≈≈.≈.....≈≈.
≈≈≈≈≈..........≈≈≈≈≈≈≈≈.≈...<..≈.
≈≈≈≈≈........≈≈≈≈≈≈≈≈≈≈.≈......P.
≈≈≈≈....####..≈≈≈≈≈≈≈≈≈≈≈.###.PP≈


You could see a merfolk impaler, a merfolk and 2 harpies.

Vanquished Creatures
  Gastronok (Lair:3)
  Donald (Orc:3)
  Aizul (Shoals:1)
  A deep elf sorcerer (Elf:2)
  Snorg (D:11)
  A merfolk impaler (Shoals:1)
  The ghost of Uberwunderbarhen the Nimble, a powerful OpFi of Cheibriados (Lair:1)
  The ghost of nht the Bludgeoner, a powerful OgHu of the Shining One (Lair:1)
  7 hydras
  A rakshasa (D:10)
  A catoblepas (Lair:7)
  A satyr (Shoals:2)
  7 death yaks
  The ghost of Edirash the Thaumaturge, a powerful GrEE of Vehumet (D:13)
  18 dancing weapons
  8 orc high priests
  19 deep elf knights
  3 skeletal warriors (D:12)
  5 sea snakes
  The ghost of Ijustatesigmund the Basher, an experienced GrFi of Makhleb (D:8)
  2 hill giants
  An unseen horror (D:12)
  Pikel (D:8)
  15 deep elf conjurers
  11 orc knights
  8 deep elf summoners
  An orc sorcerer (Orc:3)
  3 manticores
  3 harpies (Shoals:2)
  10 fauns
  An ugly thing (D:11)
  6 griffons
  5 sirens
  A cyclops (Orc:4)
  Joseph (D:8)
  A torpor snail (Lair:8)
  A centaur zombie (D:13)
  21 elephants
  14 spiny frogs
  4 black mambas
  A centaur skeleton (D:11)
  An eye of devastation (shapeshifter) (Elf:1)
  A spriggan druid (Lair:8)
  A kobold demonologist (D:11)
  7 komodo dragons
  10 deep elf priests
  10 merfolk
  The ghost of ololoev the Magician, an experienced DEAE (D:4)
  6 polar bears
  9 blink frogs
  2 two-headed ogres
  4 trolls
  A wind drake (Shoals:2)
  A boulder beetle (Lair:4)
  A slime creature (Lair:7)
  A slime creature (shapeshifter) (D:11)
  4 snapping turtles
  A trapdoor spider (D:10)
  2 wyverns
  Sigmund (D:4)
  68 yaks
  2 water elementals (Shoals:1)
  3 basilisks
  6 redbacks (Lair:8)
  Eustachio (D:5)
  20 deep elf magi
  9 spriggans (Lair:8)
  14 hippogriffs
  Grum (D:8)
  2 hungry ghosts
  19 deep elf fighters
  A steam dragon (Lair:7)
  23 wolves
  Menkaure (D:5)
  4 nagas (Lair:4)
  3 wargs
  11 water moccasins
  14 porcupines
  3 wasps (Lair:8)
  A necrophage (D:10)
  3 ice beasts
  3 sky beasts
  43 orc warriors
  2 phantoms
  3 black bears
  An eye of draining (D:10)
  7 ogres
  9 centaurs
  18 crocodiles
  A big kobold (D:10)
  22 giant frogs
  A gnoll sergeant (D:12)
  9 killer bees (D:8)
  2 scorpions
  2 electric eels
  35 orc wizards
  4 crimson imps
  7 jellies
  42 orc priests
  3 giant frog skeletons
  A giant frog zombie (D:8)
  A hound (D:11)
  5 iguanas
  9 worker ants
  10 sheep
  A hound zombie (D:7)
  3 hound skeletons
  2 worker ant zombies
  Robin (D:3)
  13 adders
  65 river rats
  4 shadow imps
  3 adder skeletons
  4 worms
  7 giant geckos
  229 orcs
  11 bats
  5 giant cockroaches
  11 goblins
  9 hobgoblins
  8 jackals
  10 quokkas
  A giant gecko skeleton (D:4)
  A giant gecko zombie (D:6)
  7 giant newts
  A jackal zombie (D:6)
  13 kobolds
  6 rats
  A bush (Lair:5)
  4 fungi
  10 plants
1134 creatures vanquished.

Vanquished Creatures (others)
  A deep elf knight (Elf:2)
  A two-headed ogre (D:8)
  An iguana (D:8)
  A worker ant (D:8)
  An orc (Elf:2)
  7 fungi
  5 plants
17 creatures vanquished.

Grand Total: 1151 creatures vanquished

Notes
Turn   | Place    | Note
--------------------------------------------------------------
     0 | D:1      | shakdrar the Formicid Fighter began the quest for the Orb.
     0 | D:1      | Reached XP level 1. HP: 18/18 MP: 1/1
    35 | D:1      | Reached XP level 2. HP: 17/24 MP: 2/2
   214 | D:1      | Reached skill level 4 in Shields
   249 | D:1      | Reached XP level 3. HP: 26/29 MP: 3/3
  1163 | D:2      | Reached XP level 4. HP: 37/37 MP: 4/4
  1817 | D:3      | Noticed Robin
  1823 | D:3      | Killed Robin
  1955 | D:3      | Reached XP level 5. HP: 37/42 MP: 5/5
  2094 | D:3      | Noticed Grinder
  2165 | D:3      | Reached skill level 5 in Shields
  2416 | D:3      | Found a shattered altar of Ashenzari.
  2557 | D:4      | Found Issesk's Book Boutique.
  2559 | D:4      | Noticed ololoev's ghost (experienced DEAE)
  2575 | D:4      | Killed ololoev's ghost
  2575 | D:4      | Reached skill level 5 in Armour
  2575 | D:4      | Reached XP level 6. HP: 30/49 MP: 6/6
  2575 | D:4      | Reached XP level 7. HP: 33/55 MP: 7/7
  2766 | D:4      | Found Ojava's Book Shoppe.
  2771 | D:4      | Noticed Sigmund
  2793 | D:4      | Killed Sigmund
  2793 | D:4      | Reached skill level 6 in Shields
  2993 | D:4      | Found a staircase to the Ecumenical Temple.
  3002 | Temple   | Entered the Ecumenical Temple
  3111 | Temple   | Became a worshipper of Warmaster Okawaru
  3368 | D:4      | Found Waesugea's Antique Weapon Shop.
  3522 | D:4      | Found Teatwi Texeo's Magic Scroll Boutique.
  3526 | D:4      | Bought a scroll of remove curse for 42 gold pieces
  4124 | D:5      | Entered Level 5 of the Dungeon
  4138 | D:5      | Reached XP level 8. HP: 53/61 MP: 8/8
  4243 | D:5      | Noticed Eustachio
  4278 | D:5      | Killed Eustachio
  4278 | D:5      | Reached skill level 5 in Fighting
  4278 | D:5      | Reached skill level 7 in Shields
  4328 | D:5      | Found an opulent altar of Gozag.
  4501 | D:5      | Noticed Menkaure
  4506 | D:5      | Acquired Okawaru's first power
  4510 | D:5      | Killed Menkaure
  4601 | D:5      | Identified a scroll of acquirement
  4771 | D:6      | Found a shadowy altar of Dithmenos.
  4863 | D:6      | Got a jewelled cloak
  4869 | D:6      | Identified the -4 cloak of Voufad {-Cast rCorr Str+4 Slay+5} (You acquired it on level 6 of the Dungeon)
  4882 | D:6      | Reached skill level 8 in Shields
  4925 | D:6      | Found a stormy altar of Qazlal.
  4933 | D:6      | Noticed an air elemental
  4954 | D:6      | Found a sacrificial altar of Ru.
  4990 | D:6      | Reached XP level 9. HP: 60/68 MP: 9/9
  5692 | D:7      | Reached skill level 9 in Shields
  5698 | D:7      | Reached skill level 5 in Maces & Flails
  5954 | D:7      | Found a glowing golden altar of the Shining One.
  6326 | D:8      | Noticed Joseph
  6343 | D:8      | Killed Joseph
  6343 | D:8      | Reached XP level 10. HP: 58/77 MP: 10/10
  6394 | D:8      | Reached skill level 10 in Shields
  6423 | D:8      | Noticed Ijustatesigmund's ghost (experienced GrFi)
  6668 | D:8      | Noticed Pikel
  6681 | D:8      | Killed Pikel
  6894 | D:8      | Killed Ijustatesigmund's ghost
  6894 | D:8      | Reached skill level 10 in Armour
  6947 | D:8      | Found a blossoming altar of Fedhas.
  6957 | D:8      | Reached skill level 11 in Shields
  7223 | D:8      | Noticed Grum
  7234 | D:8      | Killed Grum
  7583 | D:9      | Found a burning altar of Makhleb.
  7583 | D:9      | Noticed an Executioner
  7742 | D:9      | Found a shimmering altar of Xom.
  7742 | D:9      | Found a shimmering altar of Xom.
  7742 | D:9      | Found a shimmering altar of Xom.
  7743 | D:9      | Found a shimmering altar of Xom.
  7743 | D:9      | Found a shimmering altar of Xom.
  7743 | D:9      | Found a shimmering altar of Xom.
  7916 | D:10     | Entered Level 10 of the Dungeon
  7972 | D:10     | Reached XP level 11. HP: 75/85 MP: 11/11
  8155 | D:10     | Noticed a rakshasa
  8156 | D:10     | Noticed a hill giant
  8166 | D:10     | Killed a hill giant
  8181 | D:10     | Killed a rakshasa
  8181 | D:10     | Reached skill level 12 in Shields
  8288 | D:10     | Got a jewelled morningstar
  8289 | D:10     | Identified the cursed +2 morningstar of Midwinter {antimagic, Dex+3} (You found it on level 10 of the Dungeon)
  8552 | D:10     | Acquired Okawaru's second power
  8902 | D:11     | Received a gift from Okawaru
  8916 | D:11     | Noticed a manticore
  8967 | D:11     | Killed a manticore
  9073 | D:11     | Noticed a hill giant
  9085 | D:11     | Killed a hill giant
  9085 | D:11     | Reached XP level 12. HP: 81/94 MP: 12/12
  9106 | D:11     | Found a staircase to the Lair.
  9187 | D:11     | Found a staircase to the Orcish Mines.
  9282 | D:11     | Reached skill level 13 in Shields
  9283 | D:11     | Noticed Snorg
  9295 | D:11     | HP: 4/95 [Snorg (23)]
  9296 | D:11     | You fall through a shaft for 2 floors!
  9296 | D:13     | Noticed Edirash's ghost (powerful GrEE)
  9407 | D:14     | Noticed a tengu warrior
  9423 | D:13     | Killed Edirash's ghost
  9469 | D:12     | Noticed an eight-headed hydra
  9482 | D:12     | Killed an eight-headed hydra
  9760 | D:12     | Noticed a skeletal warrior
  9760 | D:12     | Noticed a skeletal warrior
  9771 | D:12     | Noticed a skeletal warrior
  9773 | D:12     | Killed a skeletal warrior
  9782 | D:12     | Killed a skeletal warrior
  9791 | D:12     | Killed a skeletal warrior
  9984 | Lair:1   | Entered Level 1 of the Lair of Beasts
 10152 | Lair:1   | Noticed Uberwunderbarhen's ghost (powerful OpFi)
 10165 | Lair:1   | Killed Uberwunderbarhen's ghost
 10165 | Lair:1   | Reached skill level 14 in Shields
 10213 | Lair:1   | Noticed nht's ghost (powerful OgHu)
 10319 | Lair:1   | Killed nht's ghost
 10319 | Lair:1   | Reached XP level 13. HP: 48/103 MP: 10/13
 10693 | D:4      | Bought an ichor-stained great mace for 230 gold pieces
 10693 | D:4      | Identified the +4 great mace "Hatt" {venom, -Tele Str+2 Dex+7} (You bought it in a shop on level 4 of the Dungeon)
 11588 | Lair:2   | Received a gift from Okawaru
 11595 | Lair:2   | Identified a +1 pair of boots of running (Okawaru gifted it to you on level 2 of the Lair of Beasts)
 11687 | Lair:2   | Reached skill level 10 in Fighting
 12735 | Lair:3   | Noticed Gastronok
 12751 | Lair:3   | Killed Gastronok
 13200 | Lair:4   | Reached skill level 15 in Shields
 13386 | Lair:4   | Found a staircase to the Snake Pit.
 13411 | Lair:4   | Found a staircase to the Shoals.
 13774 | Lair:4   | Received a gift from Okawaru
 14333 | Lair:4   | Reached XP level 14. HP: 105/111 MP: 14/14
 14337 | Lair:4   | Reached skill level 10 in Maces & Flails
 14492 | Lair:5   | Reached skill level 1 in Evocations
 15224 | Lair:5   | Reached skill level 5 in Evocations
 16539 | Lair:7   | Reached skill level 16 in Shields
 16548 | Lair:7   | Received a gift from Okawaru
 16554 | Lair:7   | Reached skill level 15 in Armour
 17057 | Lair:7   | Reached XP level 15. HP: 105/117 MP: 21/21
 17367 | Lair:7   | Found a staircase to the Slime Pits.
 18759 | Lair:8   | Entered Level 8 of the Lair of Beasts
 19175 | Lair:8   | Received a gift from Okawaru
 19176 | Lair:8   | Got a fine large shield {god gift}
 19182 | Lair:8   | Reached skill level 10 in Evocations
 19197 | Lair:8   | Identified the +8 large shield of the Duke {rC++ rCorr Str+6} (Okawaru gifted it to you on level 8 of the Lair of Beasts)
 19667 | Lair:8   | Reached skill level 17 in Shields
 20437 | Temple   | Identified a +2 rod of clouds (10/10) (You found it on level 5 of the Lair of Beasts)
 20760 | Orc:1    | Entered Level 1 of the Orcish Mines
 21825 | Orc:3    | Found a roughly hewn altar of Beogh.
 22139 | Orc:3    | Found a staircase to the Elven Halls.
 22565 | Orc:4    | Entered Level 4 of the Orcish Mines
 23171 | Orc:4    | Reached XP level 16. HP: 125/125 MP: 24/24
 24076 | Orc:4    | Gained mutation: Scrolls take you a little longer to read. [a neqoxec]
 24186 | Orc:4    | Found Duepp's Antique Weapon Emporium.
 24189 | Orc:4    | Found Ledojiz's Book Emporium.
 24190 | Orc:4    | Found Furihuri's General Store.
 24191 | Orc:4    | Found Xuming's Gadget Shoppe.
 25058 | Shoals:1 | Entered Level 1 of the Shoals
 25087 | Shoals:1 | Received a gift from Okawaru
 25623 | D:11     | Killed Snorg
 26133 | Elf:1    | Entered Level 1 of the Elven Halls
 26133 | Elf:1    | Noticed Donald
 26151 | Orc:3    | Killed Donald
 26463 | Elf:1    | Reached skill level 18 in Shields
 27319 | Elf:1    | Identified the Guide on Attacks and Ignition
 28236 | Elf:1    | Reached XP level 17. HP: 112/133 MP: 23/25
 28668 | Elf:1    | Upgraded the game from 0.17-a0-1951-g62301d3 to 0.17-a0-1954-g0dddeaa
 28933 | Elf:2    | Received a gift from Okawaru
 29101 | Elf:2    | Found Comuv's Magic Scroll Emporium.
 29128 | Elf:2    | Got a pair of ichor-stained boots
 29139 | Elf:2    | Identified the +3 pair of boots "Fetios" {Str-4 Dex+5} (You found it on level 2 of the Elven Halls)
 29151 | Elf:2    | Bought a scroll of enchant armour for 127 gold pieces
 29151 | Elf:2    | Bought a scroll of enchant weapon for 127 gold pieces
 29392 | Elf:2    | Found Kopon's Distillery.
 29431 | Elf:2    | Found Ryig's General Store.
 29436 | Elf:2    | Bought a potion of curing for 60 gold pieces
 29436 | Elf:2    | Bought a potion of curing for 60 gold pieces
 29436 | Elf:2    | Bought a potion of heal wounds for 100 gold pieces
 29457 | Elf:2    | Bought an uncursed ring of ice for 275 gold pieces
 29457 | Elf:2    | Bought a scroll of silence for 82 gold pieces
 29468 | Elf:2    | Found Yttemer's Antique Weapon Shoppe.
 29516 | Elf:2    | Bought a steaming mace for 264 gold pieces
 29516 | Elf:2    | Identified the +5 mace of Suicidal Tendencies {freeze, +Inv rF+ rC- Int+3} (You bought it in a shop on level 2 of the Elven Halls)
 29517 | Elf:2    | Upgraded the game from 0.17-a0-1954-g0dddeaa to 0.17-a0-1979-g1c74939
 29628 | Elf:2    | Found a runed gate.
 29628 | Elf:2    | Found a runed gate.
 29639 | Elf:2    | Found a runed gate.
 30248 | Elf:2    | Reached skill level 19 in Shields
 30803 | Elf:2    | Received a gift from Okawaru
 32233 | Shoals:1 | Noticed Aizul
 32258 | Shoals:1 | Killed Aizul
 32534 | Shoals:2 | Reached XP level 18. HP: 131/142 MP: 26/26
 32960 | Shoals:2 | HP: 6/142 [harpy (7)]
 32969 | Shoals:2 | HP: 2/142 [harpy (7)]
 32969 | Shoals:2 | Slain by a harpy

Vault maps used:
D:1:      evilmike_arrival_crescent, serial_curves, eino_curves_04,
          eino_curves_01, hangedman_feature_mirror, st_stairs_4,
          kennysheep_another_room
D:2:      minivault_4
D:3:      ashenzari_conservatory_becter, first_bread, uniq_grinder, uniq_robin
D:4:      kennysheep_six_static_rooms, lemuel_temple_firewalk_marked,
          serial_shops, shop, nicolae_shop_stone, shop,
          nicolae_shop_behind_doors, uniq_sigmund
D:5:      grunt_gozag_breadcrumbs, kennysheep_generic_room_9, uniq_menkaure,
          uniq_eustachio
D:6:      grunt_dithmenos_smoke, kennysheep_mini_moat,
          nicolae_qazlal_style_of_elements
D:7:      tso_oasis_becter
D:8:      hangedman_tree_tricks, minivault_1, st_stairs_10, uniq_joseph,
          uniq_grum, uniq_pikel
D:9:      xom_shifter_show, makhleb_altar_promises_db
D:11:     minmay_weird_star, lair_0_dummy, orc_0_dummy, lab_entry_generic,
          uniq_snorg
D:13:     minmay_tree_intersection
D:14:     erik_vaults_2, minmay_misc_feat_four_crosses, serial_bayou,
          serial_bayou_crossing, serial_bayou_shore_a, serial_bayou_pond_b,
          serial_bayou_pond_a, serial_bayou_pond_e, serial_bayou_pond_b
Temple:   dpeg_five_rooms_temple_12
Lair:1:   minivault_11
Lair:2:   nicolae_quartered_pool_super, grunt_megastairs_2
Lair:3:   bh_autumn_forest_stairs, uniq_gastronok
Lair:4:   minmay_shoals_entry_beasts, minmay_snake_entry_guardpost_small
Lair:6:   beast_lair_carwin_4, infiniplex_staircase_pool
Lair:7:   minmay_slime_entry_pillars, portal_ice_cave_entry_pillars_01
Lair:8:   minmay_lair_end_enchanted_forest
Shoals:1: uniq_aizul
Orc:1:    nicolae_orc_tapped_out
Orc:3:    basic_altar, nicolae_orc_pool_cavern
Orc:4:    st_orc_pillars
Elf:1:    minmay_elf_crystal_hexagon, hangedman_elven_crosses_minicolossus,
          minivault_23, uniq_donald
Elf:2:    serial_shops, nicolae_shop_temple_entry_statues_fountains,
          nicolae_shop_stone, shop, nicolae_shop_waterfront

Action                   |  1- 3 |  4- 6 |  7- 9 | 10-12 | 13-15 | 16-18 || total
-------------------------+-------+-------+-------+-------+-------+-------++-------
Melee: Flail             |   137 |    99 |       |       |       |       ||   236
       Great mace        |       |    14 |   295 |   538 |  1337 |   459 ||  2643
       Morningstar       |       |       |       |       |       |   158 ||   158
       Mace              |       |       |       |       |       |   464 ||   464
Invok: Heroism           |       |       |       |    12 |     3 |     9 ||    24
 Abil: Dig               |       |     1 |     2 |     7 |    13 |    13 ||    36
       Shaft Self        |       |       |       |     1 |       |       ||     1
Evoke: Wand              |       |       |       |       |     2 |       ||     2
  Use: Scroll            |     4 |     1 |    12 |    13 |     9 |     1 ||    40
       Potion            |       |     1 |     1 |     5 |     2 |    12 ||    21
 Stab: Invisible         |       |       |       |       |       |     1 ||     1
  Eat: Chunk             |       |     6 |     6 |    13 |    48 |    26 ||    99
       Bread ration      |       |       |     1 |     1 |       |       ||     2
       Pizza             |       |       |     1 |       |       |       ||     1
       Royal jelly       |       |       |     1 |       |       |       ||     1
       Meat ration       |       |       |       |     1 |     1 |       ||     2
